 Dungeon Crawl Stone Soup version 0.25.1-2-g60ff931df9 (webtiles) character file.

Game seed: 6076963075841330242

40 GarryLv the Sneak (level 3, 0/18 HPs)
             Began as a Spriggan Assassin on Oct 2, 2020.
             Succumbed to an adder's poison
             ... on level 2 of the Dungeon.
             The game lasted 00:08:14 (1036 turns).

GarryLv the Sneak (Spriggan Assassin)               Turns: 1036, Time: 00:08:14

Health: 0/18       AC:  3    Str:  7    XL:     3   Next: 30%
Magic:  4/4        EV: 17    Int: 12    God:
Gold:   137        SH:  0    Dex: 18    Spells: 2/2 levels left

rFire    . . .     SeeInvis +   l - -2 hunting sling (curse)
rCold    . . .     Gourm    .   (shield restricted)
rNeg     . . .     Faith    .   b - +0 robe
rPois    .         Spirit   .   (helmet restricted)
rElec    .         Reflect  .   c - +0 cloak
rCorr    .         Harm     .   (gloves unavailable)
MR       .....                  (boots unavailable)
Stlth    ++++......             (no amulet)
HPRegen  0.06/turn              (no ring)
MPRegen  0.09/turn              (no ring)

@: lethally poisoned (0 -> -10), very quick
A: very small, unfitting armour, see invisible, herbivore, speed 3, slow
metabolism 2
a: no special abilities


You were on level 2 of the Dungeon.
You were not hungry.

You visited 1 branch of the dungeon, and saw 2 of its levels.

You collected 137 gold pieces.

Inventory:

Hand Weapons
 a - a +2 dagger
 g - a +0 whip
 l - a cursed -2 hunting sling (weapon)
 p - a +0 dagger
Missiles
 d - 24 poisoned darts
 e - 2 curare-tipped darts
 h - 18 stones (quivered)
 i - 2 atropa-tipped darts
Armour
 b - a +0 robe (worn)
 c - a +0 cloak (worn)
 n - a +0 robe
Jewellery
 r - an uncursed ring of resist corrosion {unknown}
Scrolls
 k - 2 scrolls of identify
 m - 2 scrolls of teleportation
Potions
 o - a potion of lignification {unknown}
 q - a potion of curing {unknown}
 s - a potion of flight
Comestibles
 f - 2 rations


   Skills:
 + Level 1.8 Fighting
 + Level 2.2 Short Blades
 + Level 1.9(2.5) Slings
 + Level 2.0(2.3) Throwing
 + Level 1.7 Dodging
 + Level 6.8 Stealth


You had 2 spell levels left.
You didn't know any spells.
Your spell library was empty.

Dungeon Overview and Level Annotations

Branches:
Dungeon (2/15)

Altars:


Innate Abilities, Weirdness & Mutations

You are very small and have problems with some larger weapons.
You are too small for most types of armour.
You have supernaturally acute eyesight. (SInv)
You are a herbivore.
You cover ground extremely quickly.
You need to consume almost no food.


Message History

Aim: an adder (almost dead)
You shoot a stone. The stone misses the adder.
* * * LOW HITPOINT WARNING * * *
You feel sick. The adder closely misses you.
* * * LOW HITPOINT WARNING * * *
You feel sick.
Found a tubular ruby ring.
* * * LOW HITPOINT WARNING * * *
You feel sick.
Firing (i - inventory. (/) - cycle)
h - 20 stones (quivered)
Press: ? - help, Shift-Dir - straight line, f/p - adder
Aim: an adder (almost dead)
You shoot a stone. The stone barely misses the adder.
The adder closely misses you.
Firing (i - inventory. (/) - cycle)
h - 19 stones (quivered)
Press: ? - help, Shift-Dir - straight line, f/p - adder
Aim: an adder (almost dead)
You shoot a stone. The stone hits the adder.
You kill the adder!
You die...

#######..#.#
#........#.#
###.###.##.# #.#
#.# #=# #.# #.###.#
#.....#
#.####..#..####.###
#.....@(..(..(..((.
#########...?......
#.#####.... #.# ###
#<. #.# #.# #.#


There were no monsters in sight!

Vanquished Creatures
  An adder (D:2)
  An ooze (D:1)
  An adder skeleton (D:2)
  A leopard gecko (D:1)
  4 goblins
  6 hobgoblins
  3 jackals (D:2)
  A kobold (D:1)
  A frilled lizard (D:2)
  2 rats (D:1)
21 creatures vanquished.

Notes
Turn   | Place    | Note
-------+----------+-------------------------------------------
     0 | D:1      | GarryLv the Spriggan Assassin began the quest for the Orb.
     0 | D:1      | Reached XP level 1. HP: 10/10 MP: 2/2
    33 | D:1      | Reached skill level 6 in Stealth
   161 | D:1      | Reached XP level 2. HP: 9/14 MP: 3/3
   806 | D:2      | Reached skill level 1 in Slings
   960 | D:2      | Reached XP level 3. HP: 18/18 MP: 4/4
  1036 | D:2      | Succumbed to an adder's poison

Illustrated notes

Levels and vault maps discovered:
D:1:      lightli_iron_boxes, layout_rooms
D:2:      cheibrodos_greedy_goblins, layout_basic, old_standard_altar,
          first_ration, lemuel_blue_sif_altar, uniq_sigmund

Skill      XL: |  1  2 |
---------------+-------+-----
Stealth        | 6 |  6.8
Slings         | 1 |  1.9
Fighting       | |  1.8
Short Blades   | |  2.2
Throwing       | |  2.0
Dodging        | |  1.7

Action                   || total
-------------------------++-------
Melee: Dagger            ||    12
       Hunting sling     ||     1
 Fire: Hunting sling     ||    80
Throw: Dart              ||     3
  Use: Scroll            ||     3
       Potion            ||     2
Armor: Robe              ||     8
Dodge: Dodged            ||    70
